Map: Ulrena

Players

TTS - Winner!

  • Race: Protoss Protoss

Yarters

  • Race: Zerg Zerg
  • League: Platinum

VOD

Have the link to the VOD?

Description

Time

  • Played on: Feb. 23, 2016, 10:40 p.m.
  • Length: 6:02
Show
View Real Time Build Order
Export as new Build Order

TTS Protoss - Winner!

Build Orders:  

Get SALT Encoding   

  12  0:01  Probe (Chrono Boost)  
  13  0:11  Probe (Chrono Boost)  
  14  0:17  Pylon  
  14  0:22  Probe (Chrono Boost)  
  16  0:35  Probe (Chrono Boost)  
  16  0:39  Gateway  
  16  0:46  Probe (Chrono Boost)  
  17  0:57  Probe (Chrono Boost), Assimilator  
  18  1:07  Probe (Chrono Boost)  
  18  1:09  Pylon  
  19  1:18  Probe (Chrono Boost)  
  20  1:25  Cybernetics Core  
  20  1:28  Probe (Chrono Boost)  
  20  1:29  Gateway  
  21  1:39  Probe (Chrono Boost)  
  22  1:49  Probe (Chrono Boost)  
  23  2:05  Warp Gate, Probe (Chrono Boost)  
  24  2:15  Probe (Chrono Boost)  
  29  2:22  Adept (Chrono Boost)  
  29  2:23  Adept (Chrono Boost)  
  29  2:30  Assimilator  
  29  2:35  Nexus  
  29  2:38  Pylon  
  29  2:44  Pylon  
  31  2:53  Adept (Chrono Boost)  
  31  2:56  Probe  
  31  2:57  Adept (Chrono Boost)  
  34  3:09  Probe  
  35  3:21  Probe  
  36  3:31  Stalker (Chrono Boost)  
  36  3:33  Mothership Core  
  42  3:35  Stalker (Chrono Boost)  
  42  3:45  Probe  
  39  3:54  Probe  
  40  3:55  Probe  
  40  3:59  Gateway  
  40  4:00  Gateway  
  40  4:01  Gateway  
  39  4:06  Probe x2  
  39  4:13  Gateway  
  39  4:17  Probe  
  39  4:20  Probe  
  41  4:27  Probe  
  41  4:31  Gateway  
  42  4:32  Probe  
  42  4:35  Gateway  
  43  4:40  Probe  
  43  4:44  Pylon, Probe  
  45  4:53  Adept x2  
  45  4:56  Pylon  
  49  5:26  Adept x3  
  49  5:27  Adept x4  
  63  5:30  Adept  
  63  5:35  Pylon  
  65  5:48  Adept x3  
  65  5:49  Adept x3  
  77  5:53  Adept  
  77  5:54  Adept  
  81  5:59  Pylon  
Show
View Real Time Build Order
Export as new Build Order

Yarters Zerg 

Build Orders: Hatch First 

Get SALT Encoding   

  12  0:01  Drone  
  13  0:12  Overlord  
  13  0:23  Drone  
  14  0:29  Drone, Extractor  
  14  0:32  Drone  
  16  0:39  Drone  
  17  0:45  Drone  
  18  1:01  Hatchery  
  17  1:05  Drone  
  18  1:12  Drone  
  19  1:24  Spawning Pool  
  18  1:26  Drone  
  18  1:28  Extractor  
  18  1:35  Drone  
  19  1:46  Drone  
  20  1:53  Drone  
  21  2:00  Hatchery  
  20  2:05  Hatchery  
  20  2:12  Drone, Overlord  
  20  2:14  Drone  
  22  2:28  Drone x2  
  24  2:34  Metabolic Boost  
  24  2:39  Drone x2  
  24  2:42  Queen  
  28  2:46  Zergling x2  
  29  2:55  Zergling x2  
  29  2:56  Zergling x2  
  29  2:57  Overlord  
  31  3:04  Queen  
  31  3:13  Zergling x2  
  31  3:14  Zergling x2  
  31  3:19  Drone  
  32  3:20  Zergling x2  
  30  3:39  Zergling x6  
  24  4:03  Drone  
  24  4:04  Drone x2  
  24  4:07  Drone  
  27  4:29  Drone  
  27  4:30  Drone x6  
  31  4:42  Spore Crawler  
  31  4:45  Spore Crawler  
  29  4:47  Drone x2  
  29  4:48  Drone  
  29  4:50  Drone  
  35  5:12  Overlord x2  
  35  5:14  Zergling x14  
  42  5:27  Overlord  
  42  5:28  Overlord  
  42  5:40  Zergling x14  
Tags
 
Add a new tag
Caveats
  • Supply blocks, unpowered buildings, or Contaminate may cause inaccurate times.
  • Supply counts are checked every 10 seconds.